 Dungeon Crawl Stone Soup version 0.32-a0-540-g866d13106e (webtiles) character file.

Game seed: 18284255397241283045

147037 sleeves the Pandemonic (level 16, -5/122 HPs)
             Began as a Demonspawn Shapeshifter on Feb 28, 2024.
             Was a High Priest of Makhleb.
             Hit by a silver javelin thrown by a merfolk javelineer (10 damage)
             ... on level 3 of the Shoals.
             The game lasted 01:54:37 (45543 turns).

sleeves the Pandemonic (Demonspawn Shapeshifter)   Turns: 45543, Time: 01:54:37

Health: -5/122     AC: 16    Str: 24    XL:     16   Next: 91%
Magic:  29/29      EV: 14    Int: 15    God:    Makhleb [*****.]
Gold:   2282       SH:  9    Dex: 12    Spells: 15/15 levels left

rFire   + .          .
                       - Unarmed
rCold   + + .        P - +0 buckler
rNeg    + . .        Q - +2 scale mail {rC+}
rPois   +            O - +1 hat
rElec   .            h - +0 cloak
rCorr   .            (gloves unavailable)
SInv    .            I - +1 pair of boots "Iwoakk" {rPois Will+ Str+3}
Will    ++++.        k - amulet of Kuaplats {Faith rC+ rN+} Stlth
                     m - ring of Amaqeck {Fly Will+}
HPRegen 0.40/turn    x - ring "Fuxki" {rF+ Will+ Int+2}
MPRegen 0.21/turn

%: faith
@: attractive, flying, wreathed by umbra
A: claws 3, large bone plates 1, demonic magic 2, foul shadow 3, horns 1, talons
1
a: Renounce Religion, Minor Destruction, Lesser Servant of Makhleb, Major
Destruction, Greater Servant of Makhleb


You were on level 3 of the Shoals.
You worshipped Makhleb.
Makhleb was extremely pleased with you.
You visited 5 branches of the dungeon, and saw 27 of its levels.
You also visited: Trove, Ossuary and Gauntlet.

You collected 2782 gold pieces.
You spent 500 gold pieces at shops.

Inventory:

Missiles
 Z - 2 throwing nets
Armour
 h - a +0 cloak (worn)
   (You found it on level 4 of the Lair of Beasts)
 I - the +1 pair of boots "Iwoakk" (worn) {rPois Will+ Str+3}
   (You found it in a Gauntlet)

   Str+3:     It affects your strength (+3).
   rPois:     It protects you from poison Will+: It increases your willpower.
 O - a +1 hat (worn)
   (You found it on level 10 of the Dungeon)
 P - a +0 buckler (worn)
   (You took it off a gnoll sergeant on level 12 of the Dungeon)
 Q - a +2 scale mail of cold resistance (worn)
   (You took it off an orc on level 12 of the Dungeon)
Jewellery
 e - the amulet "Relerr" {Spirit Regen+ Str+7}
   (You found it in a treasure trove)

   [amulet of guardian spirit]

   Spirit:    It causes incoming damage to be divided between your reserves of
   health and magic.
   Str+7:     It affects your strength (+7).
   Regen+:    It increases your rate of health regeneration.
 g - the ring "Zoutiorph" {rElec MP+9}
   (You found it in a treasure trove)

   [ring of magical power]

   rElec:     It insulates you from electricity.
   MP+9:      It affects your magic capacity (+9).
 k - the amulet of Kuaplats (around neck) {Faith rC+ rN+}
   (You found it in a treasure trove)

   [amulet of faith]

   Faith:     It allows you to gain divine favour quickly.
   rC+:       It protects you from cold.
   rN+:       It protects you from negative energy.
 m - the ring of Amaqeck (left claw) {Fly Will+}
   (You took it off a centaur warrior on level 13 of the Dungeon)

   [ring of willpower]

   Will+:     It increases your willpower.
   Fly:       It grants you flight.
 s - an amulet of reflection
   (You found it in a treasure trove)
 x - the ring "Fuxki" (right claw) {rF+ Will+ Int+2}
   (You found it in a Gauntlet)

   [ring of willpower]

   Int+2:     It affects your intelligence (+2).
   rF+:       It protects you from fire.
   Will+:     It increases your willpower.
 G - the ring of Igihutt {Wiz rF+ rC+}
   (You found it in a treasure trove)

   [ring of wizardry]

   Wiz:       It improves your spell success rate.
   rF+:       It protects you from fire.
   rC+:       It protects you from cold.
 M - the amulet of Ewohuis {Spirit rPois rC+ Int+3}
   (You found it in a treasure trove)

   [amulet of guardian spirit]

   Spirit:    It causes incoming damage to be divided between your reserves of
   health and magic.
   Int+3:     It affects your intelligence (+3).
   rC+:       It protects you from cold.
   rPois:     It protects you from poison
 N - the amulet of Finwi {Spirit rC+ Dex+3}
   (You found it in a treasure trove)

   [amulet of guardian spirit]

   Spirit:    It causes incoming damage to be divided between your reserves of
   health and magic.
   Dex+3:     It affects your dexterity (+3).
   rC+:       It protects you from cold.
Talismans
 c - a beast talisman
 d - a flux talisman
Wands
 i - a wand of digging (6)
   (You found it on level 4 of the Dungeon)
 r - a wand of paralysis (3)
   (You found it on level 1 of the Shoals)
 t - a wand of flame (10)
   (You found it on level 13 of the Dungeon)
 D - a wand of mindburst (1)
   (You found it on level 5 of the Lair of Beasts)
 W - a wand of quicksilver (2)
   (You found it on level 2 of the Lair of Beasts)
Scrolls
 b - 3 scrolls of torment
 j - 9 scrolls of teleportation
 o - 4 scrolls of poison
 p - 6 scrolls of enchant armour
 q - 7 scrolls of amnesia
 v - a scroll of fog
 w - 5 scrolls of noise
 y - 2 scrolls of brand weapon
 F - 2 scrolls of silence
 J - 3 scrolls of revelation
 L - 2 scrolls of blinking
 S - a scroll of summoning
 T - 4 scrolls of enchant weapon
 U - 4 scrolls of vulnerability
 X - 2 scrolls of immolation
Potions
 a - 9 potions of curing
 f - 4 potions of enlightenment
 l - 6 potions of mutation
 n - 7 potions of heal wounds
 u - 2 potions of attraction
 z - 4 potions of haste
 A - 4 potions of cancellation
 B - 2 potions of brilliance
 C - 2 potions of resistance
 E - a potion of ambrosia {unknown}
 K - 4 potions of might
 R - a potion of berserk rage {unknown}
 V - 2 potions of lignification
 Y - a potion of magic {unknown}
Miscellaneous
 H - a tin of tremorstones (1/2)
   (You found it on level 12 of the Dungeon)


   Skills:
 - Level 10.0 Fighting
 + Level 13.1 Armour
 + Level 11.6 Dodging
 - Level 5.0 Shields
 + Level 16.5 Unarmed Combat
 - Level 18.0 Invocations
 - Level 2.6 Shapeshifting


You had 15 spell levels left.
You didn't know any spells.
Your spell library contained the following spells:

 Spells                   Type           Power      Damage    Failure   Level
 Foxfire                  Conj/Fire      0%         2x1d4     54%         1
 Kiss of Death            Conj/Necr      0%         2d5       54%         1
 Sandblast                Erth           0%         2d4       54%         1
 Shock                    Conj/Air       0%         1d3       54%         1
 Slow                     Hex            0%         N/A       54%         1
 Call Imp                 Summ           0%         N/A       67%         2
 Sublimation of Blood     Necr           0%         N/A       67%         2
 Confusing Touch          Hex            0%         N/A       88%         3
 Inner Flame              Hex/Fire       0%         N/A       88%         3
 Passwall                 Erth           0%         N/A       88%         3
 Sigil of Binding         Hex            0%         N/A       88%         3
 Stone Arrow              Conj/Erth      0%         3d7       88%         3
 Swiftness                Air            0%         N/A       88%         3
 Tukima's Dance           Hex            0%         N/A       88%         3
 Vampiric Draining        Necr           0%         2d6       88%         3
 Airstrike                Air            0%         2d(0-16)  99%         4
 Animate Armour           Summ/Erth      0%         N/A       99%         4
 Brom's Barrelling Bould  Conj/Erth      0%         2d3       99%         4
 Cause Fear               Hex            0%         N/A       99%         4
 Dimensional Bullseye     Hex/Tloc       0%         N/A       99%         4
 Dispel Undead            Necr           0%         3d6       99%         4
 Iskenderun's Mystic Bla  Conj/Tloc      0%         2d3       99%         4
 Leda's Liquefaction      Alch/Erth      0%         N/A       99%         4
 Petrify                  Alch/Erth      0%         N/A       99%         4
 Summon Lightning Spire   Summ/Air       0%         N/A       99%         4
 Fireball                 Conj/Fire      0%         3d3       100%        5
 Irradiate                Conj/Alch      0%         3d11      100%        5
 Lee's Rapid Deconstruct  Erth           0%         3d4*      100%        5
 Bombard                  Conj/Erth      0%         9d1       100%        6
 Plasma Beam              Fire/Air       0%         2x1d10    100%        6
 Starburst                Conj/Fire      0%         6d3       100%        6
 Summon Hydra             Summ           0%         N/A       100%        7
 Ignition                 Fire           0%         3d3       100%        8
 Dragon's Call            Summ           0%         N/A       100%        9


Dungeon Overview and Level Annotations

Branches:
Dungeon (15/15)            Temple (1/1) D:7            Lair (5/5) D:10
 Shoals (4/4) Lair:3       Spider (0/4) Lair:3        Slime (0/5) Lair:5
    Orc (2/2) D:10            Elf (0/3) Orc:2        Vaults (0/5) D:13
 Depths (0/4) D:15        Ossuary (visited)         Gauntlet (visited)

Altars:
Ashenzari
Cheibriados
Dithmenos
Fedhas
Gozag
Hepliaklqana
Kikubaaqudgha
Makhleb
Nemelex Xobeh
Okawaru
Qazlal
Ru
Sif Muna
Trog
Uskayaw
Vehumet
Wu Jian
Xom
Yredelemnul
Beogh

Shops:
D:5 =   D:11 :   Orc:2 *(!!:   Shoals:4 =

Annotations:
D:5 2 runed translucent doors, zenocrate's ghost, novice CoBr
D:8 Jeremiah
D:15 exclusion: obsidian statue


Innate Abilities, Weirdness & Mutations

You have claws for hands.
You are partially covered in large bone plates. (SH +4)
Spells you cast may paralyse nearby enemies.
You are darkly shadowed, frequently releasing foul flame when damaged in melee.
You have a pair of small horns on your head.
You have sharp toenails.


Message History

The faun unwields a +0 club.
The faun wields a +0 sling.
The faun shoots a sling bullet.
The sling bullet completely misses you.
A faun is nearby!
A faun is nearby!
You start waiting.
A faun is nearby!
A satyr comes into view. It is wielding a +0 spear.
Found a potion of heal wounds.
The satyr shouts!
The faun shoots a sling bullet.
You block the sling bullet.
You barely miss the faun. You headbutt the faun.
The faun is lightly wounded.
The faun unwields a +0 sling.
The faun wields a +0 club.
You block the faun's attack.
The satyr plays a frightful melody on its pipes!
The satyr radiates an aura of fear!
You resist with almost no effort.
You claw the faun!
The faun is moderately wounded.
The faun misses you.
You mangle the faun!! You headbutt the faun.
The faun is severely wounded.
A faun comes into view. It is wielding a +0 spear.
The faun shouts!
You mangle the faun!!
You kill the faun!
Makhleb accepts your kill.
You hear a shout!
The satyr unwields a +0 spear.
The satyr wields a +0 longbow.
The satyr shoots an arrow.
The arrow hits you!!
The satyr plays a rousing melody on its pipes!
You start resting.
A satyr is nearby!
The satyr shoots an arrow.
The arrow barely misses you.
You mangle the satyr!!
The satyr is heavily wounded.
You hear a shout!
The satyr plays a frightful melody on its pipes!
The satyr radiates an aura of fear!
You resist with almost no effort.
You scratch the satyr but do no damage.
The satyr is heavily wounded.
The satyr shoots an arrow.
The arrow hits you!
You mangle the satyr!!
The satyr is almost dead.
The satyr plays a lulling melody on its pipes!
You resist with almost no effort.
You barely miss the satyr.
The satyr is almost dead.
The faun hits you from afar with a +0 spear!
You barely miss the satyr.
The satyr is almost dead.
The satyr plays a frightful melody on its pipes!
The satyr radiates an aura of fear!
You resist with almost no effort.
You mangle the satyr!!
You kill the satyr!
Makhleb accepts your kill.
You feel better.
The faun unwields a +0 spear.
The faun wields a +0 sling.
The faun shoots a sling bullet.
The sling bullet barely misses you.
A merfolk and a faun come into view.
The merfolk shouts!
The faun shouts!
The faun no longer looks unusually strong.
The faun misses you.
The faun unwields a +0 sling.
The faun wields a +0 spear.
You block the faun's attack.
Things that are here:
a +0 longbow; a +0 spear; a satyr corpse You mangle the faun!!
The faun is severely wounded.
The merfolk hits you but does no damage.
The faun hits you with a +0 club!
The faun is seared by the foul flame within you!!
You kill the faun!
Makhleb accepts your kill.
You feel better.
You scratch the faun.
The faun is lightly wounded.
The faun barely misses you.
The merfolk hits you but does no damage.
You closely miss the faun.
The faun is lightly wounded.
The faun hits you with a +0 spear!
You mangle the faun!!
You headbutt the faun, but do no damage.
The faun is heavily wounded.
You block the merfolk's attack. The faun hits you but does no damage.
You scratch the faun.
The faun is severely wounded.
The merfolk hits you from afar with a +0 trident!
You are too injured to fight recklessly!
You are too injured to fight recklessly!
You are too injured to fight recklessly!
You barely miss the faun. Your headbutt misses the faun.
The faun is severely wounded.
The faun completely misses you.
You completely miss the faun. You headbutt the faun.
The faun is severely wounded.
The merfolk hits you from afar with a +0 trident.
The faun misses you.
You claw the faun!
You kill the faun!
Makhleb accepts your kill.
You feel better.
The merfolk hits you from afar with a +0 trident!
You block the merfolk's attack.
Things that are here:
a +0 club; a +0 sling You closely miss the merfolk.
You headbutt the merfolk.
The merfolk is lightly wounded.
The merfolk closely misses you.
You claw the merfolk!
The merfolk is moderately wounded.
You mangle the merfolk!!
The merfolk is severely wounded.
The merfolk closely misses you.
You mangle the merfolk!!
You kill the merfolk!
Makhleb accepts your kill.
You feel better.
Things that are here:
a +0 longbow; a +0 spear; a satyr corpse You start resting.
HP restored.
Things that are here:
a +0 longbow; a +0 spear; a satyr corpse
Things that are here:
a +0 club; a +0 sling
n - 8 potions of heal wounds (gained 1)
p - 6 scrolls of enchant armour (gained 1)
F - 2 scrolls of silence (gained 1)
Found a falchion.
Found a stone staircase leading down.
A wind drake comes into view.
The wind drake hisses angrily.
The wind drake flaps its wings at you. The air twists around and strikes you.
A wind drake is nearby!
A merfolk avatar comes into view.
The merfolk avatar shouts!
The merfolk avatar chants a haunting song.
You resist with almost no effort.
The wind drake repels the zap!
Shadowy forms rise from the deep at the merfolk avatar's song!
The merfolk avatar chants a haunting song.
You resist with almost no effort.
The wind drake struggles to resist.
The merfolk avatar chants a haunting song.
You resist with almost no effort.
The wind drake bites you but does no damage.
The merfolk avatar chants a haunting song.
You resist with almost no effort.
You miss the wind drake.
The wind drake exhales a fierce blast of wind!
You are knocked back by the gust of wind.
The zap hits the wind drake.
The wind drake is lightly wounded.
The wind drake flaps its wings at you. The air twists around and strikes you!
The merfolk avatar is engulfed in a cloud of scalding steam.
The wind drake is engulfed in a cloud of scalding steam.
The wind drake flaps its wings at you. The air twists around and strikes you!
The merfolk avatar is engulfed in a cloud of scalding steam.
The merfolk avatar chants a haunting song.
You easily resist.
The drowned soul is engulfed in a cloud of scalding steam.
The wind drake is engulfed in a cloud of scalding steam.
You block the drowned soul's attack.
The wind drake is engulfed in a cloud of scalding steam.
The wind drake flaps its wings at you. The air twists around and strikes you!
The merfolk avatar is engulfed in a cloud of scalding steam.
The merfolk avatar chants a haunting song.
You resist with almost no effort.
The wind drake is engulfed in a cloud of scalding steam.
You see here a +0 falchion.
You claw the wind drake!
The wind drake is severely wounded.
The drowned soul is engulfed in a cloud of scalding steam.
The merfolk avatar is engulfed in a cloud of scalding steam.
You block the drowned soul's attack.
The wind drake exhales a fierce blast of wind!
You are knocked back by the gust of wind.
Aiming: Major Destruction (0% risk of failure)
Press: ? - help, Shift-Dir - straight line, f/p - wind drake
Aim: a wind drake (severely wounded, repelling missiles, catching its breath, umbra)
The bolt of fire hits the wind drake!!!
You kill the wind drake!
Makhleb accepts your kill.
You feel better.
The bolt of fire hits the drowned soul!!!
You destroy the drowned soul!
The drowned soul returns to the deep!
The merfolk avatar is engulfed in a cloud of scalding steam. x2
The merfolk avatar chants a haunting song.
You easily resist.
Aiming: Minor Destruction (0% risk of failure)
Press: ? - help, Shift-Dir - straight line, f - merfolk avatar
Aim: a merfolk avatar (water, heavily wounded)
You block the drowned soul's attack. x2
The drowned soul touches you. The drowned soul drowns you!
You see here a +0 falchion.
The drowned soul returns to the deep!
The merfolk avatar is engulfed in a cloud of scalding steam.
The merfolk avatar chants a haunting song.
You resist with almost no effort.
You scratch the merfolk avatar. You headbutt the merfolk avatar!
The merfolk avatar is almost dead.
You mangle the merfolk avatar!!
You kill the merfolk avatar!
Makhleb accepts your kill.
You feel better.
The drowned soul returns to the deep! x2
You see here a +0 falchion.
A water nymph comes into view.
The water nymph shouts!
The water nymph flows with the water.
A water nymph is nearby!
A water nymph is nearby!
The water nymph resists with some effort.
The zap misses the water nymph.
You claw the water nymph! You headbutt the water nymph.
The water nymph is heavily wounded.
The water nymph points at you and mumbles some strange words.
The water rises up and strikes you!!
You mangle the water nymph!!
You kill the water nymph!
Makhleb accepts your kill.
You feel better.
No target in view!
Key pressed, stopping explore.
A sea snake comes into view.
The sea snake hisses angrily.
A sea snake is nearby!
The glob of acid hits the sea snake!
The acid corrodes the sea snake!
The sea snake is moderately wounded.
The zap misses the sea snake.
The sea snake barely misses you.
You barely miss the sea snake. You headbutt the sea snake.
The sea snake is moderately wounded.
The sea snake barely misses you.
You mangle the sea snake!! Your headbutt misses the sea snake.
The sea snake is almost dead.
You block the sea snake's attack.
You mangle the sea snake!!
You kill the sea snake!
Makhleb accepts your kill.
You feel better.
No target in view!
A skyshark comes into view.
A skyshark is nearby!
A skyshark is nearby!
The stone arrow hits the skyshark!!
The skyshark is moderately wounded.
The zap hits the skyshark.
The skyshark is moderately wounded.
The glob of acid misses the skyshark.
You closely miss the skyshark. You headbutt the skyshark.
The skyshark is moderately wounded.
You block the skyshark's attack.
The skyshark tail-slaps you but does no damage.
The skyshark misses you.
You closely miss the skyshark.
The skyshark is moderately wounded.
You block the skyshark's attack.
The skyshark tail-slaps you but does no damage. x2
You mangle the skyshark!!
The skyshark is severely wounded.
You block the skyshark's attack. x2
The skyshark tail-slaps you but does no damage.
You closely miss the skyshark.
The skyshark is severely wounded.
You scratch the skyshark but do no damage.
The skyshark is severely wounded.
You block the skyshark's attack. The skyshark misses you.
The skyshark closely misses you.
You barely miss the skyshark.
The skyshark is severely wounded.
The skyshark bites you but does no damage.
The skyshark misses you. The skyshark closely misses you.
You claw the skyshark!
You headbutt the skyshark, but do no damage.
The skyshark is severely wounded.
You claw the skyshark!
The skyshark is almost dead.
The skyshark bites you!
The skyshark tastes blood and grows stronger!
The skyshark is seared by the foul flame within you.
The skyshark is almost dead.
The skyshark tail-slaps you but does no damage. x2
You scratch the skyshark but do no damage.
You headbutt the skyshark.
The skyshark is almost dead.
The skyshark bites you!!
The skyshark enters a blood-rage!
The skyshark is seared by the foul flame within you!
You kill the skyshark!
Makhleb accepts your kill.
You feel better.
No target in view!
Key pressed, stopping explore.
A sea snake comes into view.
A sea snake is nearby!
The zap hits the sea snake.
The sea snake is lightly wounded.
The sea snake barely misses you.
The zap hits the sea snake.
The sea snake is lightly wounded.
The sea snake closely misses you.
The puff of flame hits the sea snake!
The sea snake is moderately wounded.
The sea snake is engulfed in a cloud of scalding steam.
The sea snake closely misses you.
You mangle the sea snake!! Your headbutt misses the sea snake.
The sea snake is severely wounded.
The sea snake is engulfed in a cloud of scalding steam.
The sea snake barely misses you.
You claw the sea snake! Your headbutt misses the sea snake.
The sea snake is almost dead.
The sea snake is engulfed in a cloud of scalding steam.
You kill the sea snake!
Makhleb accepts your kill.
You feel better.
Your Armour skill increases to level 13!
No target in view!
A merfolk comes into view. It is wielding a +0 spear.
The merfolk shouts!
A merfolk is nearby!
A merfolk is nearby!
The zap hits the merfolk.
The merfolk is lightly wounded.
A merfolk comes into view.
It is wielding a +0 spear and quivering a throwing net.
The merfolk is engulfed in a cloud of scalding steam. x2
The merfolk hits you from afar with a +0 spear!!
The plant is engulfed in a cloud of scalding steam.
The plant begins to die.
The merfolk is engulfed in a cloud of scalding steam.
The merfolk closely misses you.
A sea snake and a merfolk come into view.
The merfolk shouts!
The sea snake hisses angrily.
You block the merfolk's attack.
The sea snake moves out of view.
You mangle the merfolk!!
The merfolk is almost dead.
The merfolk barely misses you. x2
You mangle the merfolk!!
You kill the merfolk!
Makhleb accepts your kill.
You feel better.
You hear a splash.
You block the merfolk's attack. The sea snake bites you.
The sea snake is seared by the foul flame within you.
The sea snake is lightly wounded.
You scratch the sea snake. Your headbutt misses the sea snake.
The sea snake is lightly wounded.
A nearby plant withers and dies.
You claw the sea snake!
The sea snake is moderately wounded.
The sea snake bites you!
The merfolk hits you from afar with a +0 spear!
You are too injured to fight recklessly!
Aiming: Major Destruction (0% risk of failure)
Press: ? - help, Shift-Dir - straight line The bolt of lightning hits the sea snake.
The sea snake is moderately wounded.
The bolt of lightning hits the merfolk!!
The merfolk is heavily wounded.
The sea snake misses you.
The merfolk hits you from afar with a +0 trident!
* * * LOW HITPOINT WARNING * * *
The merfolk barely misses you. The sea snake bites you!
* * * LOW HITPOINT WARNING * * *
The sea snake is seared by the foul flame within you!!
The sea snake is severely wounded.
Aiming: Major Destruction (0% risk of failure)
Press: ? - help, Shift-Dir - straight line The bolt of fire misses the sea snake.
The bolt of fire hits the merfolk!!
The merfolk is almost dead.
You block the merfolk's attack.
The merfolk is engulfed in a cloud of scalding steam.
The merfolk closely misses you.
The sea snake is engulfed in a cloud of scalding steam.
The sea snake misses you.
You scratch the sea snake. Your headbutt misses the sea snake.
The sea snake is almost dead.
You block the merfolk's attack.
The merfolk is engulfed in a cloud of scalding steam.
The merfolk hits you but does no damage.
The sea snake is engulfed in a cloud of scalding steam.
You block the sea snake's attack.
You completely miss the sea snake.
The sea snake is almost dead.
The merfolk hits you from afar with a +0 trident!
* * * LOW HITPOINT WARNING * * *
The merfolk hits you from afar with a +0 spear.
* * * LOW HITPOINT WARNING * * *
Aiming: Major Destruction (0% risk of failure)
Press: ? - help, Shift-Dir - straight line The bolt of lightning hits the merfolk.
You kill the merfolk!
Makhleb accepts your kill.
You feel better.
You hear a splash. x2
The sea snake is engulfed in a cloud of scalding steam.
The sea snake bites you.
* * * LOW HITPOINT WARNING * * *
The merfolk hits you from afar with a +0 trident!
* * * LOW HITPOINT WARNING * * *
The sea snake is engulfed in a cloud of scalding steam.
You block the sea snake's attack.
You feel much better. You block the sea snake's attack.
The merfolk is engulfed in a cloud of scalding steam.
You block the merfolk's attack.
You barely miss the sea snake.
The sea snake is almost dead.
The sea snake barely misses you. You block the merfolk's attack.
You closely miss the sea snake.
The sea snake is almost dead.
The sea snake bites you but does no damage.
You mangle the sea snake!!
You kill the sea snake!
Makhleb accepts your kill. The merfolk barely misses you.
You block the merfolk's attack.
You eviscerate the merfolk!!! You headbutt the merfolk.
The merfolk is almost dead.
The merfolk hits you with a +0 trident!
* * * LOW HITPOINT WARNING * * *
You eviscerate the merfolk!!!
You kill the merfolk!
Makhleb accepts your kill.
You feel better.
You hear a splash. x2
You start resting.
HP restored.
You now have 2282 gold pieces (gained 14).
Key pressed, stopping explore.
You see here a +2 demon trident of venom.
Done exploring.
Done exploring.
Done exploring.
Done exploring.
Done exploring.
There is a stone staircase leading down here.
You fly downwards.
Found a scroll of identify and a halberd.
There is a stone staircase leading up here.
A merfolk is nearby!
A merfolk is nearby!
A merfolk is nearby!
You can't see any hostile targets in range.
The zap hits the merfolk.
The merfolk is lightly wounded.
The merfolk writhes in agony.
The glob of acid hits the merfolk!
The merfolk is lightly wounded.
The merfolk misses you.
The puff of flame hits the merfolk.
The merfolk is moderately wounded.
The merfolk hits you but does no damage.
The stone arrow hits the merfolk!
The merfolk is heavily wounded.
The merfolk barely misses you.
The zap hits the merfolk but does no damage.
The merfolk is heavily wounded.
You block the merfolk's attack.
The stone arrow misses the merfolk.
You block the merfolk's attack.
The glob of acid hits the merfolk!
The acid corrodes the merfolk!
The merfolk is severely wounded.
A sea snake comes into view.
You block the merfolk's attack.
The glob of acid misses the merfolk.
The sea snake hisses angrily.
The merfolk barely misses you.
The zap misses the merfolk.
The merfolk hits you from afar with a +0 trident!
The stone arrow hits the merfolk!!
You kill the merfolk!
Makhleb accepts your kill.
The zap hits the sea snake.
The sea snake is lightly wounded.
You block the sea snake's attack.
You barely miss the sea snake.
The sea snake is lightly wounded.
You block the sea snake's attack.
You scratch the sea snake.
The sea snake is lightly wounded.
You block the sea snake's attack.
You completely miss the sea snake. You headbutt the sea snake.
The sea snake is lightly wounded.
You block the sea snake's attack.
You closely miss the sea snake. You headbutt the sea snake.
The sea snake is moderately wounded.
The sea snake bites you.
You miss the sea snake. You headbutt the sea snake!
The sea snake is moderately wounded.
You mangle the sea snake!!
The sea snake is heavily wounded.
The sea snake bites you!
The sea snake is seared by the foul flame within you!!
The sea snake is almost dead.
You mangle the sea snake!!
You kill the sea snake!
Makhleb accepts your kill.
You feel better.
No target in view!
There are no items here.
You fly upwards.
There is a stone staircase leading down here.
You start resting.
HP restored.
You see here a +0 quarterstaff.
There is a stone staircase leading up here.
A snapping turtle comes into view.
There is a stone staircase leading down here.
The snapping turtle hisses angrily.
You fly downwards.
There is a stone staircase leading up here.
A merfolk comes into view. It is wielding a +0 spear.
The merfolk writhes in agony!
The merfolk writhes in agony.
The stone arrow hits the merfolk!!
The merfolk is heavily wounded.
The merfolk hits you from afar with a +0 spear.
The merfolk hits you with a +0 spear!
You closely miss the merfolk.
The merfolk is heavily wounded.
You block the merfolk's attack.
You claw the merfolk! Your headbutt misses the merfolk.
The merfolk is almost dead.
The merfolk hits you but does no damage.
You closely miss the merfolk.
You headbutt the merfolk, but do no damage.
The merfolk is almost dead.
You claw the merfolk!
You kill the merfolk!
Makhleb accepts your kill.
You hear a splash.
No target in view!
HP restored.
Key pressed, stopping explore.
A manticore comes into view.
You can't see any hostile targets in range.
The stone arrow hits the manticore!
The manticore is lightly wounded.
The stone arrow hits the manticore!
The manticore is heavily wounded.
The manticore writhes in agony.
The manticore flicks its tail.
The volley of spikes misses you.
The puff of flame hits the manticore.
The manticore is severely wounded.
The manticore is engulfed in a cloud of scalding steam.
The manticore flicks its tail.
The volley of spikes skewers you but does no damage.
The stone arrow hits the manticore.
The manticore is severely wounded.
The manticore is engulfed in a cloud of scalding steam.
You kill the manticore!
Makhleb accepts your kill.
You feel better.
A merfolk impaler comes into view.
It is wielding a +2 trident of protection.
The merfolk impaler shouts!
A merfolk impaler is nearby!
A merfolk impaler is nearby!
A merfolk impaler is nearby!
A merfolk comes into view. It is wielding a +0 trident.
The merfolk shouts!
A water nymph comes into view.
The water nymph shouts!
You hear an angry hiss.
The water nymph casts a spell at you. The water rises up and strikes you!
The water nymph gestures at you while chanting.
The water rises up and strikes you!!
A faun comes into view. It is wielding a +0 club.
The faun shouts!
A sea snake comes into view.
As you read the scroll of teleportation, it crumbles to dust.
You feel strangely unstable.
The sea snake hisses angrily.
The water nymph gestures at you while chanting.
The water rises up and strikes you! The merfolk closely misses you.
The merfolk impaler attacks as it pursues you!
You block the merfolk impaler's attack. The merfolk attacks as it pursues you!
The merfolk hits you from afar with a +0 trident!
* * * LOW HITPOINT WARNING * * *
The faun splashes around in the water.
The merfolk impaler misses you.
The sea snake bites the plant.
The plant begins to die.
The plant looks as sick as possible!
The sea snake poisons the plant!
The merfolk misses you.
The faun hits the plant with a +0 club!
The plant begins to die.
The merfolk impaler hits you but does no damage.
Your surroundings suddenly seem different.
A sea snake comes into view.
A sea snake is nearby!
You closely miss the sea snake. You headbutt the sea snake.
The sea snake is lightly wounded.
You block the sea snake's attack.
You miss the sea snake. Your headbutt misses the sea snake.
You block the sea snake's attack.
You claw the sea snake!
The sea snake is lightly wounded.
The sea snake bites you but does no damage.
You mangle the sea snake!!
The sea snake is heavily wounded.
The sea snake bites you!
* * * LOW HITPOINT WARNING * * *
You mangle the sea snake!! You headbutt the sea snake.
The sea snake is almost dead.
You barely miss the sea snake.
You headbutt the sea snake, but do no damage.
The sea snake is almost dead.
The sea snake barely misses you.
You scratch the sea snake.
You kill the sea snake!
Makhleb accepts your kill.
You feel better.
There is a stone staircase leading up here.
You fly upwards.
There is a stone staircase leading down here.
A snapping turtle is nearby!
Aiming: Minor Destruction (0% risk of failure)
Press: ? - help, Shift-Dir - straight line, f - snapping turtle
Aim: a snapping turtle The snapping turtle writhes in agony.
Aiming: Minor Destruction (0% risk of failure)
Press: ? - help, Shift-Dir - straight line, f/p - snapping turtle
Aim: a snapping turtle (water, lightly wounded, umbra)
The zap hits the snapping turtle.
The snapping turtle is lightly wounded.
The snapping turtle bites you but does no damage.
The snapping turtle attacks as it pursues you!
You block the snapping turtle's attack.
There is a stone staircase leading up here.
You fly upwards.
There is a stone staircase leading down here.
You start resting.
HP restored.
You fly downwards.
You block the snapping turtle's attack.
There is a stone staircase leading up here.
You mangle the snapping turtle!!
You headbutt the snapping turtle, but do no damage.
The snapping turtle is moderately wounded.
The snapping turtle bites you!!
You scratch the snapping turtle. You headbutt the snapping turtle!
The snapping turtle is heavily wounded.
You mangle the snapping turtle!!
You headbutt the snapping turtle, but do no damage.
The snapping turtle is almost dead.
The snapping turtle barely misses you.
You claw the snapping turtle!
You kill the snapping turtle!
Makhleb accepts your kill.
You feel better.
No target in view!
HP restored.
There is a stone staircase leading down here.
You fly downwards.
There is a stone staircase leading up here.
A merfolk comes into view. It is wielding a +0 spear.
The merfolk shouts!
You hear a shout!
A merfolk comes into view. It is wielding a +0 spear.
A merfolk comes into view. It is wielding a +0 halberd.
The merfolk throws a boomerang.
You block the boomerang.
The merfolk throws a boomerang.
The boomerang closely misses you.
The merfolk shouts!
You hear a shout!
Aiming: Throw Flame
Press: ? - help, Shift-Dir - straight line, f - merfolk
Aim: a merfolk, wielding a +0 halberd and quivering boomerangs (water, 60% to hit)
The merfolk throws a boomerang.
You block the boomerang.
The merfolk is engulfed in a cloud of scalding steam.
Aiming: Throw Flame
Press: ? - help, Shift-Dir - straight line, f/p - merfolk
Aim: a merfolk, wielding a +0 halberd and quivering boomerangs (water, moderately wounded, umbra, 60% to hit)
The puff of flame hits the merfolk.
The merfolk is moderately wounded.
The merfolk hits you from afar with a +0 halberd!
The merfolk is engulfed in a cloud of scalding steam. x2
You scratch the merfolk but do no damage.
Your headbutt misses the merfolk.
The merfolk is heavily wounded.
The merfolk hits you but does no damage.
The merfolk misses you.
You scratch the merfolk but do no damage.
The merfolk is heavily wounded.
The merfolk hits you with a +0 halberd!!
The merfolk barely misses you.
You completely miss the merfolk.
You headbutt the merfolk, but do no damage.
The merfolk is heavily wounded.
The merfolk hits you with a +0 halberd!
The merfolk is seared by the foul flame within you.
The merfolk is heavily wounded.
You are too injured to fight recklessly!
You are too injured to fight recklessly!
You mangle the merfolk!!
You kill the merfolk!
Makhleb accepts your kill.
You feel better.
You hear a splash. x2
The merfolk hits you from afar with a +0 spear!
The merfolk throws a boomerang.
You block the boomerang.
The merfolk throws a boomerang.
The boomerang closely misses you.
The merfolk throws a boomerang.
You block the boomerang.
The merfolk throws a boomerang.
The boomerang closely misses you.
You start resting.
A merfolk is nearby!
A merfolk is nearby!
The merfolk throws a boomerang.
The boomerang hits you but does no damage.
The merfolk barely misses you.
You mangle the merfolk!! Your headbutt misses the merfolk.
The merfolk is heavily wounded.
The merfolk closely misses you.
You mangle the merfolk!!
The merfolk is almost dead.
A merfolk javelineer comes into view.
It is wielding a +4 spear of freezing and quivering silver javelins.
The merfolk javelineer shouts!
You mangle the merfolk!!
You kill the merfolk!
Makhleb accepts your kill.
You feel better.
The merfolk javelineer throws a silver javelin.
The silver javelin pierces through you!!
* * * LOW HITPOINT WARNING * * *
The silver sears you!
* * * LOW HITPOINT WARNING * * *
A merfolk aquamancer comes into view. It is wielding a +0 rapier of speed.
The merfolk aquamancer shouts!
You hear a shout! x2
The merfolk aquamancer gestures at you while chanting.
The torrent of water hits you!
* * * LOW HITPOINT WARNING * * *
You are knocked back by the torrent of water.
The wave splashes down.
You hear a shout! x5; You hear an angry hiss.
You hear a shout!
Blink to where?
Press: ? - help, Dir - move target
As you read the scroll of blinking, it crumbles to dust.
The merfolk impaler shouts!
The merfolk javelineer throws a silver javelin.
The silver javelin pierces through you!
* * * LOW HITPOINT WARNING * * *
The silver sears you!
* * * LOW HITPOINT WARNING * * *
The merfolk aquamancer points at you and mumbles some strange words.
You block the shard of ice.
You fly upwards.
There is a stone staircase leading down here.
You start resting.
HP restored.
You see here a manticore skeleton.
There is a stone staircase leading down here.
You fly downwards.
There is a stone staircase leading up here.
A sea snake comes into view.
The sea snake hisses angrily.
The zap hits the sea snake.
The sea snake is lightly wounded.
Found Ewuraaff's Jewellery Shoppe.
The sea snake bites you.
You hear a splash.
You mangle the sea snake!! Your headbutt misses the sea snake.
The sea snake is heavily wounded.
You block the sea snake's attack.
The merfolk aquamancer shouts!
You mangle the sea snake!!
You headbutt the sea snake, but do no damage.
The sea snake is almost dead.
A manticore comes into view.
You block the sea snake's attack.
You barely miss the sea snake. Your headbutt misses the sea snake.
The sea snake is almost dead.
You block the sea snake's attack.
You miss the sea snake. Your headbutt misses the sea snake.
The sea snake is almost dead.
You scratch the sea snake but do no damage.
The sea snake is almost dead.
You block the sea snake's attack.
The merfolk aquamancer points at you and mumbles some strange words.
The shard of ice misses you.
You mangle the sea snake!!
You kill the sea snake!
Makhleb accepts your kill.
You feel better.
The manticore flicks its tail.
The volley of spikes skewers you!
Barbed spikes become lodged in your body.
The merfolk aquamancer points at you and mumbles some strange words.
The ball of steam hits you! You resist.
Aiming: Mindburst
Press: ? - help, Shift-Dir - straight line, f - manticore
Aim: a manticore (chance to affect: 47%)
The manticore resists with some effort.
A water elemental comes into view.
The manticore flicks its tail.
The volley of spikes skewers you but does no damage.
Okay, then.
Okay, then.
Okay, then.
A demon appears!
The merfolk aquamancer is engulfed in a cloud of scalding steam.
You barely miss the merfolk aquamancer.
The merfolk aquamancer is moderately wounded.
You scratch the merfolk aquamancer.
The merfolk aquamancer is moderately wounded.
You carefully extract the barbed spikes from your body.
The merfolk aquamancer hits you but does no damage.
You closely miss the merfolk aquamancer.
The merfolk aquamancer is moderately wounded.
The merfolk aquamancer hits you with a +0 rapier of speed!
Your blizzard demon hits the merfolk aquamancer!
Your blizzard demon hits the merfolk aquamancer but does no damage.
You claw the merfolk aquamancer!
You headbutt the merfolk aquamancer, but do no damage.
The merfolk aquamancer is severely wounded.
A merfolk impaler comes into view.
It is wielding a +0 demon trident of freezing.
The merfolk aquamancer hits you with a +0 rapier of speed.
The manticore bites you. The manticore closely misses you.
The manticore barely misses you.
You barely miss the merfolk aquamancer.
Your headbutt misses the merfolk aquamancer.
The merfolk aquamancer is severely wounded.
The merfolk aquamancer hits you with a +0 rapier of speed.
The merfolk aquamancer is seared by the foul flame within you!
The merfolk aquamancer is almost dead.
Your blizzard demon hits the merfolk aquamancer!!
The merfolk aquamancer dies!
Makhleb accepts your kill.
You barely miss the manticore. You headbutt the manticore!
The manticore is lightly wounded.
You block the manticore's attack.
The manticore claws you but does no damage.
The manticore claws you.
A faun comes into view. It is wielding a +0 club.
The water elemental closely misses your blizzard demon.
The faun shouts!
You mangle the manticore!! You headbutt the manticore.
The manticore is almost dead.
The faun unwields a +0 club.
The faun wields a +0 sling.
The faun shoots a sling bullet.
The sling bullet hits you. The manticore closely misses you.
The manticore misses you.
The manticore claws you but does no damage.
A faun comes into view. It is wielding a +0 quarterstaff.
You claw the manticore!
You kill the manticore!
Makhleb accepts your kill.
Your blizzard demon hits the water elemental but does no damage.
Your blizzard demon hits the water elemental.
The water elemental barely misses your blizzard demon.
Your blizzard demon hits the water elemental. x2
The water elemental closely misses your blizzard demon.
Your blizzard demon hits the water elemental.
Your blizzard demon hits the water elemental!
The water elemental hits your blizzard demon.
The merfolk impaler attacks as it pursues you!
The merfolk impaler barely misses you.
Your blizzard demon gestures at the water elemental.
The freezing blast engulfs the water elemental!
The water elemental is engulfed in freezing vapours.
The water elemental is destroyed!
Makhleb accepts your kill. The merfolk impaler closely misses you.
The merfolk impaler attacks as it pursues you!
The merfolk impaler hits you from afar with a +0 demon trident of freezing!
The merfolk impaler freezes you.
Your blizzard demon is engulfed in freezing vapours.
Your blizzard demon hits the merfolk impaler.
Your blizzard demon hits the merfolk impaler!
The merfolk impaler closely misses you.
The faun unwields a +0 quarterstaff.
The faun wields a +0 sling.
The faun shoots a sling bullet.
You block the sling bullet. The merfolk impaler misses you.
You scratch the merfolk impaler. You headbutt the merfolk impaler.
The merfolk impaler is moderately wounded.
Your blizzard demon waves its arms in wide circles.
The air twists around and strikes the merfolk impaler!
The faun gestures at you while chanting.
Your willpower is stripped away!
The merfolk impaler hits your blizzard demon but does no damage.
You mangle the merfolk impaler!!
The merfolk impaler is almost dead.
The merfolk impaler hits you but does no damage.
Your blizzard demon misses the merfolk impaler.
Your blizzard demon closely misses the merfolk impaler.
You claw the merfolk impaler!
Your headbutt misses the merfolk impaler.
The merfolk impaler is almost dead.
The faun casts a spell at you. You resist with almost no effort.
You block the merfolk impaler's attack.
You barely miss the merfolk impaler.
Your headbutt misses the merfolk impaler.
The merfolk impaler is almost dead.
Your blizzard demon closely misses the merfolk impaler.
Your blizzard demon hits the merfolk impaler!
The merfolk impaler dies!
Makhleb accepts your kill.
The faun shoots a sling bullet.
The sling bullet hits you!
* * * LOW HITPOINT WARNING * * *
The faun shoots a sling bullet.
You block the sling bullet.
The faun shoots a sling bullet.
The sling bullet hits you!
* * * LOW HITPOINT WARNING * * *
The faun shoots a sling bullet.
The sling bullet hits you!
* * * LOW HITPOINT WARNING * * *
Things that are here:
a +0 demon trident of freezing; a +0 leather armour The faun shoots a sling bullet.
The sling bullet hits you.
* * * LOW HITPOINT WARNING * * *
The faun shoots a sling bullet.
The sling bullet hits you but does no damage.
A faun comes into view. It is wielding a +0 spear.
Your blizzard demon is engulfed in freezing vapours.
Your blizzard demon completely misses the faun. x2
The faun casts a spell at you. You resist with almost no effort.
The faun shoots a sling bullet.
You block the sling bullet.
The faun shouts!
The faun unwields a +0 spear.
The faun wields a +0 sling.
The faun shoots a sling bullet.
The sling bullet barely misses you.
Your blizzard demon hits the faun.
Your blizzard demon misses the faun.
The faun casts a spell at you. You resist with almost no effort.
The faun shoots a sling bullet.
The sling bullet hits you!
* * * LOW HITPOINT WARNING * * *
The faun shoots a sling bullet.
The sling bullet hits you!
* * * LOW HITPOINT WARNING * * *
Your blizzard demon hits the faun!
Your blizzard demon closely misses the faun.
The faun gestures at you while chanting.
You are outlined in light.
There is a stone staircase leading up, spattered with blood here.
The faun shoots a sling bullet.
The sling bullet hits you!
* * * LOW HITPOINT WARNING * * *
Your blizzard demon hits the faun!
Your blizzard demon hits the faun!!
The faun dies!
Makhleb accepts your kill.
You fly upwards.
There is a stone staircase leading down here.
You start resting.
You feel your willpower return.
You start resting.
You are no longer glowing.
You start resting.
HP restored.
You fly downwards.
The merfolk javelineer shouts!
The faun shoots a sling bullet.
You block the sling bullet.
The merfolk javelineer throws a silver javelin.
The silver javelin closely misses you.
The faun shoots a sling bullet.
The sling bullet closely misses you.
The merfolk javelineer throws a silver javelin.
The silver javelin misses you. The faun casts a spell at you.
You resist with almost no effort.
There is a stone staircase leading up, spattered with blood here.
The faun shoots a sling bullet.
The sling bullet misses you.
The merfolk javelineer throws a silver javelin.
The silver javelin pierces through you! The silver sears you!
You fly upwards.
There is a stone staircase leading down here.
You see here a +0 quarterstaff.
There is a stone staircase leading down here.
You fly downwards.
The faun shouts!
The merfolk javelineer shouts!
The faun unwields a +0 spear.
The faun wields a +0 sling.
The faun shoots a sling bullet.
You block the sling bullet.
A satyr comes into view. It is wielding a +0 spear.
There is a stone staircase leading up here.
Okay, then.
Okay, then.
Okay, then.
You feel attractive to monsters.
The satyr plays a rousing melody on its pipes!
The faun goes into a battle-frenzy!
The merfolk javelineer throws a silver javelin.
The silver javelin pierces through you! The silver sears you!
The merfolk javelineer is attracted toward you.
The faun is attracted toward you. The satyr is attracted toward you.
The merfolk impaler is attracted toward you.
The faun unwields a +0 sling.
The faun wields a +0 spear.
You block the faun's attack.
The satyr plays a frightful melody on its pipes!
The satyr radiates an aura of fear!
You resist with almost no effort.
The merfolk javelineer throws a silver javelin.
The silver javelin pierces through you! The silver sears you!
The satyr is attracted toward you.
You fly upwards.
There is a stone staircase leading down here.
You eviscerate the merfolk javelineer!!!
The merfolk javelineer is heavily wounded.
You claw the merfolk javelineer! You headbutt the merfolk javelineer.
The merfolk javelineer is almost dead.
The faun hits you with a +0 spear!!
* * * LOW HITPOINT WARNING * * *
The faun is seared by the foul flame within you.
The faun is lightly wounded.
The merfolk javelineer throws a silver javelin.
The silver javelin barely misses you.
You miss the merfolk javelineer. You headbutt the merfolk javelineer.
The merfolk javelineer is almost dead.
The faun hits you with a +0 spear!!
* * * LOW HITPOINT WARNING * * *
The faun is seared by the foul flame within you!
The faun is moderately wounded.
The merfolk javelineer throws a silver javelin.
The silver javelin pierces through you!!
* * * LOW HITPOINT WARNING * * *
The silver sears you!
You die...

##..~..##.~÷..###...~..~~~~~~~~≈
##.~~~~........# #....~~~~~~~~≈≈≈
..~~~~~~.....<.###......~~~..~~≈≈
~~~~~~~~~~~....##.......~~...~~~≈
.~~P≈≈≈~~~~...##.......~..~~.~~~≈
..P≈P~~.~..........~...~~~~~~~~≈≈
..~~P~..(...~.............~~~P≈≈≈
..PP~~.###..~........)....[~~≈≈≈≈
.~~~~~.# #......@.....=..÷~~~~≈≈≈
~P~~~~.######).c~m........~~~~≈≈≈
~~~P~P~..####...≈≈≈....PP~PP~P≈≈≈
≈≈≈≈~~P~..##....≈≈≈~...~~.~~~~≈≈≈
≈≈≈≈~~~P~.......~≈≈~....~~~~~~~≈≈
≈≈≈≈≈~~~~.....~~≈≈≈~....~~~PPP~~≈
≈≈≈≈≈≈~~~~~~~..~~~P.PP~P...~~~~~≈
≈≈≈≈≈≈≈~~~~~~..~~~.P.P~~...~~~~~≈
≈≈≈≈≈≈≈≈≈≈≈~~~~~~P~~~~PP~~~~~~~~≈


You could see a merfolk javelineer and a faun (strong).

Vanquished Creatures
  A fire giant (D:15)
  An orc warlord (Orc:1)
  4 merfolk impalers
  A merfolk javelineer (Shoals:1)
  A yaktaur captain (D:12)
  4 hydras
  An ogre mage (D:12)
  A catoblepas (D:15)
  4 centaur warriors
  4 merfolk aquamancers
  2 merfolk avatars (Shoals:3)
  A satyr (Shoals:3)
  A death yak (Gauntlet)
  5 boulder beetles
  5 two-headed ogres
  4 hell knights (D:15)
  Amaemon (D:8)
  4 skeletal warriors
  8 skysharks
  12 sea snakes
  A deep troll (shapeshifter) (D:13)
  An orc knight (Orc:2)
  9 harpies
  An arcanist (D:13)
  13 ugly things
  A deep elf pyromancer (D:12)
  An orc sorcerer (Orc:1)
  8 cyclopes
  8 fauns
  4 merfolk sirens
  18 manticores
  28 elephants
  2 black mambas
  A smoke demon (D:15)
  4 water nymphs
  5 kobold blastminers
  3 rust devils (D:15)
  A cane toad (shapeshifter) (D:12)
  Joseph (D:7)
  Maggie (D:8)
  3 unseen horrors
  8 cane toads
  2 orange demons
  An efreet (D:14)
  2 rime drakes (Lair:1)
  A freezing wraith (D:15)
  3 ice devils (D:15)
  8 komodo dragons
  23 merfolk
  2 tengu conjurers (D:13)
  8 trolls
  A queen bee (shapeshifter) (D:13)
  2 hellwings (D:15)
  4 wind drakes
  8 hornets
  4 polar bears
  29 blink frogs
  A raiju (shapeshifter) (D:13)
  9 dream sheep
  13 slime creatures
  4 snapping turtles
  44 yaks
  4 wyverns
  15 spriggans (Lair:5)
  13 water elementals
  A human (shapeshifter) (D:12)
  2 vampires
  3 shadows
  A hog (shapeshifter) (D:13)
  3 wraiths
  A neqoxec (D:15)
  6 basilisks
  2 wargs
  2 redbacks (Lair:3)
  A steam dragon (D:7)
  17 vampire mosquitoes
  2 swamp worms (Gauntlet)
  A chaos spawn (D:15)
  A swamp worm (shapeshifter) (D:13)
  5 acid dragons
  10 water moccasins
  An ice beast (D:8)
  3 black bears (Lair:5)
  A meliai simulacrum (D:14)
  2 laughing skulls (D:15)
  39 orc warriors
  12 ogres
  15 centaurs
  27 wolves
  A phantom (D:6)
  3 boggarts (Lair:5)
  A kobold brigand (D:5)
  An elf zombie (Ossuary)
  19 bullfrogs
  2 gnoll sergeants
  2 scorpions
  9 wights (D:8)
  A burial acolyte (D:10)
  11 killer bees (D:8)
  4 howler monkeys
  3 electric eels
  A lava snake (D:9)
  3 centaur zombies (Ossuary)
  A bombardier beetle (D:3)
  10 hounds
  22 orc priests
  2 sleepcaps
  2 gnoll boudas (D:8)
  2 human zombies (Ossuary)
  6 iguanas
  26 orc wizards
  8 hound zombies (Ossuary)
  2 mummies (Ossuary)
  Robin (D:2)
  12 gnolls
  8 adders
  A shadow imp (D:7)
  2 white imps
  2 ufetubi (D:6)
  5 adder zombies (Ossuary)
  A ribbon worm (D:4)
  4 dart slugs
  107 orcs
  6 ball pythons
  9 bats
  5 endoplasms
  4 giant cockroaches
  A gnoll zombie (Ossuary)
  10 hobgoblins
  4 quokkas
  4 frilled lizards
  14 goblins
  8 jackal zombies
  15 kobolds
  6 kobold zombies (Ossuary)
  5 orc zombies (Ossuary)
  4 rats
926 creatures vanquished.

Vanquished Creatures (collateral kills)
  Saint Roka (Orc:1)
  A minotaur (Gauntlet)
  A merfolk impaler (Shoals:4)
  2 merfolk aquamancers
  2 death yaks (Gauntlet)
  A skyshark (Shoals:1)
  A sea snake (Shoals:1)
  A necromancer (Gauntlet)
  A faun (Shoals:4)
  An elephant (Lair:5)
  A wind drake (Shoals:1)
  2 merfolk (Shoals:1)
  A hornet (Lair:5)
  A dream sheep (Shoals:1)
  A water elemental (Shoals:4)
  A spriggan (Lair:5)
  A wolf (Lair:5)
  An ogre (Orc:1)
  An orc (Orc:1)
22 creatures vanquished.

Vanquished Creatures (others)
  A sixfirhy (D:15)
  An orange demon (D:15)
  A neqoxec (D:15)
  A laughing skull (D:13)
  2 orcs (D:7)
6 creatures vanquished.

Grand Total: 954 creatures vanquished

Notes
Turn   | Place    | Note
-------+----------+-------------------------------------------
     0 | D:1      | sleeves the Demonspawn Shapeshifter began the quest for the
                  | Orb.
     0 | D:1      | Reached XP level 1. HP: 15/15 MP: 1/1
    61 | D:1      | HP: 8/16 [constriction (1)]
    63 | D:1      | Reached skill level 2 in Fighting
   115 | D:1      | Gained mutation: You have sharp fingernails. [demonic
                  | ancestry]
   115 | D:1      | Reached XP level 2. HP: 22/22 MP: 2/2
   289 | D:1      | Reached skill level 3 in Unarmed Combat
   335 | D:1      | HP: 11/22 [constriction (1)]
   344 | D:1      | HP: 11/22 [constriction (1)]
   358 | D:1      | HP: 11/22 [constriction (1)]
   362 | D:2      | Noticed Robin
   364 | D:1      | HP: 5/22 [gnoll/+0 flail (7)]
   370 | D:1      | HP: 3/22 [constriction (1)]
   380 | D:1      | HP: 3/22 [constriction (2)]
   386 | D:1      | HP: 2/22 [ball python (3)]
   393 | D:2      | HP: 1/33 [ball python (1)]
   658 | D:2      | HP: 9/22 [adder (3)]
   660 | D:2      | Gained mutation: You have very sharp fingernails. [demonic
                  | ancestry]
   660 | D:2      | Reached XP level 3. HP: 10/27 MP: 3/3
  1192 | D:2      | Reached skill level 4 in Unarmed Combat
  1352 | D:2      | Gained mutation: Spells you cast may paralyse adjacent
                  | enemies. [demonic ancestry]
  1352 | D:2      | Reached XP level 4. HP: 31/33 MP: 4/4
  1354 | D:2      | Killed Robin
  1523 | D:2      | Found a faded altar of an unknown god.
  1799 | D:3      | Reached XP level 5. HP: 37/38 MP: 5/5
  1917 | D:3      | Reached skill level 5 in Unarmed Combat
  2024 | D:4      | HP: 19/38 [orc wizard/+0 dagger (2)]
  2142 | D:3      | HP: 9/38 [orc priest/nerve-wracking pain (13)]
  2324 | D:4      | Reached skill level 6 in Unarmed Combat
  2324 | D:4      | Gained mutation: Spells you cast may paralyse nearby
                  | enemies. [demonic ancestry]
  2324 | D:4      | Reached XP level 6. HP: 44/44 MP: 6/6
  3232 | D:3      | HP: 18/44 [orc priest/divine providence (12)]
  3237 | D:3      | Reached skill level 7 in Unarmed Combat
  3237 | D:3      | Reached XP level 7. HP: 21/50 MP: 7/7
  3579 | D:5      | Entered Level 5 of the Dungeon
  3713 | D:5      | HP: 24/50 [centaur (2)]
  3718 | D:5      | HP: 22/50 [centaur (3)]
  3722 | D:5      | Reached skill level 8 in Unarmed Combat
  4077 | D:5      | Found a sacrificial altar of Ru.
  4077 | D:5      | Found a basalt altar of Yredelemnul.
  4189 | D:5      | Reached XP level 8. HP: 35/56 MP: 8/8
  4246 | D:6      | HP: 27/56 [gnoll/+0 spear (5)]
  4447 | D:6      | Reached skill level 9 in Unarmed Combat
  4465 | D:6      | Found a sand-covered staircase.
  4534 | Ossuary  | Entered an ossuary
  4985 | Ossuary  | Reached skill level 10 in Unarmed Combat
  5392 | D:5      | Found Taseafro's Jewellery Shop.
  5446 | D:5      | HP: 21/57 [ogre/+0 giant spiked club (36)]
  5448 | D:5      | Reached skill level 1 in Armour
  5575 | D:5      | Found a shimmering blue altar of Sif Muna.
  5575 | D:5      | Found a sparkling altar of Nemelex Xobeh.
  5600 | D:5      | Reached skill level 3 in Fighting
  5643 | D:6      | Reached skill level 2 in Armour
  5729 | D:6      | HP: 26/58 [bullfrog (6)]
  5998 | D:6      | Reached skill level 4 in Fighting
  6071 | D:6      | Gained mutation: You are faintly shadowed, very rarely
                  | releasing foul flame when damaged in melee. [demonic
                  | ancestry]
  6071 | D:6      | Reached XP level 9. HP: 64/65 MP: 9/9
  6077 | D:6      | Reached skill level 3 in Armour
  6547 | D:5      | Found a runed translucent door.
  6548 | D:5      | Noticed zenocrate's ghost (novice CoBr)
  6909 | D:5      | Found a runed translucent door.
  7578 | D:6      | Reached skill level 5 in Fighting
  7671 | D:7      | Reached skill level 4 in Armour
  7687 | D:7      | Found a burning altar of Makhleb.
  7948 | D:7      | Noticed Joseph
  8263 | D:7      | HP: 28/68 [steam dragon/ball of steam (8)]
  8269 | D:7      | Noticed Jeremiah
  8270 | D:7      | Found a staircase to the Ecumenical Temple.
  8565 | D:8      | Noticed a two-headed ogre
  8706 | D:8      | Reached skill level 6 in Fighting
  8724 | D:8      | HP: 35/103 [acid dragon/splash of acid (20)]
  8726 | D:8      | Reached skill level 5 in Armour
  8743 | D:8      | HP: 23/69 [orc/+0 trident (5)]
  8750 | D:8      | HP: 16/69 [wyvern (9)]
  8750 | D:8      | HP: 7/69 [wyvern (9)]
  8866 | D:8      | HP: 29/71 [orc warrior/+1 falchion of protection (7)]
  9074 | D:8      | Noticed Maggie
  9084 | D:8      | Reached skill level 7 in Fighting
  9108 | D:8      | Reached skill level 6 in Armour
  9120 | D:8      | HP: 33/72 [bullfrog (5)]
  9125 | D:8      | Gained mutation: You are partially covered in large bone
                  | plates. (SH +4) [demonic ancestry]
  9125 | D:8      | Reached XP level 10. HP: 27/79 MP: 10/10
  9132 | D:8      | HP: 27/79 [Maggie/+0 morningstar (3)]
  9134 | D:8      | Killed Maggie
  9162 | D:8      | HP: 36/79 [goblin/+0 hand axe (1)]
  9478 | D:8      | Noticed Amaemon
  9478 | D:8      | Noticed an orange demon
  9548 | D:8      | Killed Amaemon
  9829 | D:7      | HP: 37/80 [poisoned by an orange demon]
  9834 | D:7      | HP: 31/80 [poisoned by an orange demon]
  9912 | D:8      | Killed an orange demon
  9913 | D:8      | Reached skill level 8 in Fighting
 10000 | D:7      | HP: 27/80 [Joseph/sling bullet (19)]
 10286 | D:7      | HP: 40/80 [Joseph/+0 quarterstaff (5)]
 10290 | D:7      | Killed Joseph
 10291 | D:7      | Reached skill level 7 in Armour
 10552 | D:7      | Found an opulent altar of Gozag.
 11378 | D:8      | Paralysed by an orc for 4 turns
 11401 | D:8      | HP: 33/73 [orc/+0 flail (7)]
 11645 | D:8      | Noticed a two-headed ogre
 11811 | D:8      | Killed a two-headed ogre
 11812 | D:8      | Reached skill level 9 in Fighting
 11985 | D:8      | HP: 31/83 [orc warrior/+0 heavy halberd (21)]
 12196 | D:8      | HP: 36/83 [wight/+2 great sword (9)]
 12202 | D:8      | Reached skill level 11 in Unarmed Combat
 12747 | Temple   | Entered the Ecumenical Temple
 12875 | D:7      | Became a worshipper of Makhleb the Destroyer
 13081 | D:9      | Noticed a two-headed ogre
 13397 | D:9      | Paralysed by a hornet for 1 turns
 13400 | D:9      | Reached skill level 1 in Invocations
 13586 | D:9      | HP: 28/81 [two-headed ogre/+0 giant club (20)]
 13608 | D:9      | Killed a two-headed ogre
 13609 | D:9      | Reached skill level 2 in Invocations
 13609 | D:9      | Reached XP level 11. HP: 35/89 MP: 12/12
 14292 | D:9      | Reached skill level 3 in Invocations
 14448 | D:8      | HP: 42/90 [yak (8)]
 14667 | D:9      | Reached skill level 4 in Invocations
 14678 | D:9      | Reached skill level 10 in Fighting
 14769 | D:10     | Entered Level 10 of the Dungeon
 14975 | D:10     | Reached skill level 5 in Invocations
 15193 | D:10     | HP: 41/90 [shadow (6)]
 15361 | D:10     | Reached * piety under Makhleb
 15362 | D:10     | Reached skill level 6 in Invocations
 15528 | D:10     | Found a staircase to the Orcish Mines.
 15943 | D:10     | Found an ancient bone altar of Kikubaaqudgha.
 15971 | D:10     | Found a staircase to the Lair.
 15984 | D:10     | HP: 44/90 [komodo dragon (4)]
 15987 | D:10     | HP: 6/90 [komodo dragon (19)]
 16158 | D:10     | HP: 30/90 [komodo dragon (21)]
 16160 | D:10     | Reached skill level 12 in Unarmed Combat
 16564 | D:10     | Reached skill level 7 in Invocations
 16693 | D:11     | HP: 43/90 [yak (12)]
 16698 | D:11     | Reached skill level 8 in Invocations
 16924 | D:11     | HP: 42/90 [manticore (5)]
 17248 | D:11     | Reached ** piety under Makhleb
 17291 | D:11     | Found Viofis Biock's Vocational Training.
 17370 | D:11     | Noticed a two-headed ogre
 17857 | D:11     | HP: 37/90 [cyclops (14)]
 17859 | D:11     | Reached skill level 9 in Invocations
 18031 | D:11     | Gained mutation: You are shadowed, sometimes releasing foul
                  | flame when damaged in melee. [demonic ancestry]
 18031 | D:11     | Reached XP level 12. HP: 90/97 MP: 18/18
 18115 | D:11     | Noticed a boulder beetle
 18130 | D:11     | Killed a boulder beetle
 18131 | D:11     | Reached skill level 2 in Dodging
 18581 | D:12     | HP: 48/97 [vampire mosquito (5)]
 18588 | D:12     | HP: 41/97 [vampire mosquito (8)]
 19132 | D:12     | Found a roughly hewn altar of Beogh.
 19156 | D:12     | Reached skill level 3 in Dodging
 19165 | D:12     | HP: 48/97 [orc priest/divine providence (14)]
 19175 | D:12     | HP: 28/97 [orc priest/divine providence (14)]
 19418 | D:12     | Reached skill level 13 in Unarmed Combat
 19436 | D:12     | Reached skill level 10 in Invocations
 19452 | D:12     | Reached *** piety under Makhleb
 19661 | D:12     | Noticed a two-headed ogre
 20201 | D:12     | Noticed a two-headed ogre
 20526 | D:11     | Reached skill level 1 in Shields
 20581 | D:11     | HP: 33/97 [large slime creature (33)]
 20756 | D:12     | Reached skill level 2 in Shields
 20922 | D:12     | Killed a two-headed ogre
 21153 | D:12     | Reached skill level 3 in Shields
 21153 | D:12     | Reached skill level 11 in Invocations
 21454 | Orc:1    | Entered Level 1 of the Orcish Mines
 21660 | Orc:2    | Entered Level 2 of the Orcish Mines
 21675 | Orc:2    | Noticed Saint Roka
 21865 | Lair:1   | Entered Level 1 of the Lair of Beasts
 21889 | Lair:1   | Reached skill level 4 in Shields
 21988 | Lair:1   | Found a gate leading to a gauntlet.
 21997 | Gauntlet | Entered a Gauntlet
 21997 | Gauntlet | Found a transporter.
 22004 | Gauntlet | Found a transporter.
 22006 | Gauntlet | Found a transporter.
 22017 | Gauntlet | Found a transporter.
 22020 | Gauntlet | Found a transporter.
 22035 | Gauntlet | Found a transporter.
 22040 | Gauntlet | Noticed a blizzard demon
 22043 | Gauntlet | Found a transporter.
 22054 | Gauntlet | Found a transporter.
 22055 | Gauntlet | Noticed a death yak
 22058 | Gauntlet | Noticed a death yak
 22059 | Gauntlet | Noticed a death yak
 22061 | Gauntlet | Noticed a dire elephant
 22066 | Gauntlet | Found a transporter.
 22077 | Gauntlet | Identified a scroll of acquirement
 22081 | Gauntlet | Acquired 630 gold pieces
 22087 | Gauntlet | Found a transporter.
 22087 | Gauntlet | Found a transporter.
 22105 | Gauntlet | Found a transporter.
 22113 | Gauntlet | Found a transporter.
 22203 | Gauntlet | Found a transporter.
 22369 | Gauntlet | Reached skill level 12 in Invocations
 22376 | Gauntlet | Reached **** piety under Makhleb
 22395 | Gauntlet | Killed a death yak
 22399 | Gauntlet | HP: 46/97 [death yak (17)]
 22405 | Gauntlet | Reached skill level 5 in Shields
 22405 | Gauntlet | Killed a death yak
 22416 | Gauntlet | Killed a death yak
 22420 | Gauntlet | Identified the ring "Fuxki" {rF+ Will+ Int+2}
 22423 | Gauntlet | Identified the +1 pair of boots "Iwoakk" {rPois Will+
                  | Str+3}
 22572 | Gauntlet | Identified the +8 long sword of the Battered Wishes {flame,
                  | rN+ Will+ Str+3 Dex+2}
 22572 | Gauntlet | Noticed a minotaur
 22585 | Gauntlet | HP: 42/97 [minotaur/the +8 long sword of the Battered
                  | Wishes {flame, rN+ Will+ Str+3 Dex+2} (8)]
 22588 | Gauntlet | Killed a minotaur
 22589 | Gauntlet | Reached skill level 13 in Invocations
 22834 | Lair:1   | Gained mutation: You have claws for hands. [demonic
                  | ancestry]
 22834 | Lair:1   | Reached XP level 13. HP: 103/103 MP: 22/22
 23079 | Lair:1   | Reached skill level 14 in Invocations
 23684 | Lair:2   | HP: 49/103 [elephant (7)]
 23691 | Lair:2   | HP: 45/103 [elephant (10)]
 23698 | Lair:2   | HP: 40/103 [bullfrog (4)]
 23709 | Lair:2   | HP: 34/103 [cane toad (10)]
 23953 | Lair:1   | Reached skill level 4 in Dodging
 24316 | Lair:2   | HP: 50/103 [four-headed hydra (12)]
 24326 | Lair:2   | HP: 42/103 [bullfrog (3)]
 24334 | Lair:2   | HP: 40/103 [bullfrog (4)]
 25199 | Lair:2   | Reached skill level 15 in Invocations
 25227 | Lair:3   | Reached skill level 5 in Dodging
 25259 | Lair:2   | Reached skill level 8 in Armour
 25387 | Lair:3   | HP: 46/103 [blink frog (8)]
 25622 | Lair:3   | Found a staircase to the Shoals.
 25715 | Lair:3   | Found a hole to the Spider Nest.
 25757 | Lair:3   | Reached ***** piety under Makhleb
 25768 | Lair:3   | Reached skill level 6 in Dodging
 25991 | Lair:3   | Gained mutation: You are darkly shadowed, frequently
                  | releasing foul flame when damaged in melee. [demonic
                  | ancestry]
 25991 | Lair:3   | Reached XP level 14. HP: 110/110 MP: 25/25
 26035 | Lair:3   | Reached skill level 14 in Unarmed Combat
 26847 | Lair:4   | Reached skill level 9 in Armour
 27409 | Lair:5   | Entered Level 5 of the Lair of Beasts
 27587 | Lair:5   | HP: 54/110 [five-headed hydra (5)]
 27593 | Lair:5   | HP: 51/110 [elephant (5)]
 27597 | Lair:5   | Reached skill level 7 in Dodging
 27601 | Lair:5   | HP: 42/110 [elephant (12)]
 27608 | Lair:5   | HP: 38/110 [elephant (6)]
 27614 | Lair:5   | HP: 40/110 [elephant (1)]
 27623 | Lair:5   | HP: 32/110 [elephant (5)]
 27627 | Lair:5   | HP: 15/110 [elephant (12)]
 28096 | Lair:5   | HP: 47/110 [blink frog (12)]
 28119 | Lair:5   | HP: 55/110 [water moccasin[a boggart] (4)]
 28388 | Lair:5   | Found a staircase to the Slime Pits.
 28762 | Lair:5   | Reached skill level 10 in Armour
 28952 | Lair:5   | Reached skill level 8 in Dodging
 29547 | D:13     | HP: 38/109 [yaktaur captain/bolt (29)]
 29550 | D:12     | Reached ****** piety under Makhleb
 30005 | D:13     | Noticed an orc warlord
 30142 | D:13     | Reached skill level 15 in Unarmed Combat
 30239 | D:13     | Found a gate to the Vaults.
 30259 | D:13     | Identified the ring of Amaqeck {Fly Will+}
 31219 | D:13     | Found a portal to a secret trove of treasure.
 31477 | Orc:1    | Reached XP level 15. HP: 108/115 MP: 26/26
 31542 | Orc:1    | HP: 55/115 [Saint Roka/+0 long sword (18)]
 31547 | Orc:1    | Killed Saint Roka
 31872 | Orc:2    | Reached skill level 9 in Dodging
 32164 | Trove    | Entered a treasure trove
 32174 | Trove    | Identified the amulet "Relerr" {Spirit Regen+ Str+7}
 32204 | Trove    | Identified the ring "Zoutiorph" {rElec MP+9}
 32206 | Trove    | Identified the amulet of Kuaplats {Faith rC+ rN+}
 32210 | Trove    | Identified the ring of Igihutt {Wiz rF+ rC+}
 32215 | Trove    | Identified the amulet of Ewohuis {Spirit rPois rC+ Int+3}
 32217 | Trove    | Identified the amulet of Finwi {Spirit rC+ Dex+3}
 32219 | Trove    | Identified the ring of the Tentacled God {Ice rPois Str+3
                  | Slay-4}
 32414 | Orc:2    | Found a staircase to the Elven Halls.
 32415 | Orc:2    | Found Obehegay's CLEARANCE SALE!.
 32592 | Orc:2    | HP: 52/113 [kobold blastminer/bolt (13)]
 32616 | Orc:2    | HP: 43/111 [kobold blastminer/bolt (13)]
 32623 | Orc:2    | HP: 37/111 [kobold blastminer/bolt (8)]
 32822 | Orc:2    | Reached skill level 11 in Armour
 33140 | Orc:2    | Found Acexo's Distillery.
 33140 | Orc:2    | Found Hugoyt's Distillery.
 33142 | Orc:2    | Found Obenui's Book Shoppe.
 33154 | Orc:2    | Found Ligupon's Weapon Shop.
 33344 | Orc:2    | Bought a potion of curing for 45 gold pieces
 33344 | Orc:2    | Bought a potion of heal wounds for 75 gold pieces
 33344 | Orc:2    | Bought a potion of curing for 45 gold pieces
 33344 | Orc:2    | Bought a potion of heal wounds for 75 gold pieces
 33344 | Orc:2    | Bought a potion of cancellation for 120 gold pieces
 33345 | Orc:2    | Bought a potion of heal wounds for 70 gold pieces
 33345 | Orc:2    | Bought a potion of heal wounds for 70 gold pieces
 33586 | Orc:1    | Reached skill level 16 in Invocations
 34968 | D:13     | Reached skill level 17 in Invocations
 35943 | D:15     | Entered Level 15 of the Dungeon
 36036 | D:15     | HP: 55/115 [three-headed hydra (7)]
 36526 | D:15     | Reached skill level 18 in Invocations
 36778 | D:15     | Gained mutation: Armour fits poorly on your strangely
                  | shaped body. [a neqoxec]
 36811 | D:15     | Lost mutation: Armour fits poorly on your strangely shaped
                  | body. [potion of mutation]
 36811 | D:15     | Gained mutation: You have sharp toenails. [potion of
                  | mutation]
 36811 | D:15     | Gained mutation: You have a pair of small horns on your
                  | head. [potion of mutation]
 37209 | D:15     | Noticed a fire giant
 37210 | D:15     | Found a staircase to the Depths.
 37297 | D:15     | Killed a fire giant
 37663 | D:15     | Found a burning altar of Makhleb.
 38081 | Shoals:1 | Entered Level 1 of the Shoals
 38236 | Lair:3   | HP: 57/115 [sea snake (7)]
 38241 | Lair:3   | HP: 37/115 [poisoned by a sea snake]
 38246 | Lair:3   | HP: 29/115 [poisoned by a sea snake]
 38869 | Shoals:1 | Reached XP level 16. HP: 82/122 MP: 29/29
 38872 | Shoals:1 | Reached skill level 10 in Dodging
 38876 | Shoals:1 | HP: 58/122 [merfolk/+0 trident[a merfolk javelineer] (14)]
 38883 | Shoals:1 | HP: 51/122 [merfolk/boomerang[a merfolk javelineer] (12)]
 38889 | Shoals:1 | HP: 42/122 [merfolk/boomerang[a merfolk javelineer] (9)]
 38904 | Shoals:1 | HP: 44/122 [snapping turtle (19)]
 38915 | Shoals:1 | HP: 33/122 [snapping turtle (15)]
 39745 | Shoals:1 | HP: 48/122 [water nymph/the raging water (22)]
 39749 | Shoals:1 | Reached skill level 12 in Armour
 40468 | Shoals:2 | HP: 52/122 [merfolk aquamancer/shard of ice (26)]
 40474 | Shoals:2 | HP: 49/122 [sea snake (5)]
 41343 | Shoals:2 | HP: 54/122 [merfolk/stone[a merfolk aquamancer] (10)]
 41640 | Shoals:2 | Reached skill level 16 in Unarmed Combat
 42085 | Shoals:3 | HP: 55/122 [skyshark (9)]
 42094 | Shoals:3 | HP: 60/122 [manticore/volley of spikes (12)]
 42369 | Shoals:3 | Reached skill level 11 in Dodging
 42599 | Shoals:3 | HP: 60/122 [merfolk impaler/+2 great mace of protection
                  | (16)]
 42607 | Shoals:3 | HP: 56/122 [merfolk/+0 trident[a merfolk impaler] (2)]
 42649 | Shoals:2 | HP: 58/122 [drowned by a water elemental[a merfolk
                  | aquamancer] (4)]
 42949 | Shoals:3 | HP: 59/122 [manticore/volley of spikes (10)]
 42954 | Shoals:3 | HP: 55/122 [merfolk/+0 trident[a merfolk impaler] (4)]
 42959 | Shoals:3 | HP: 31/122 [manticore/volley of spikes (19)]
 43898 | Shoals:3 | Reached skill level 13 in Armour
 43909 | Shoals:3 | HP: 59/122 [merfolk/+0 trident (15)]
 43912 | Shoals:3 | HP: 29/122 [merfolk/+0 spear[a merfolk impaler] (6)]
 43919 | Shoals:3 | HP: 34/122 [merfolk/+0 trident (14)]
 44267 | Shoals:4 | Entered Level 4 of the Shoals
 44549 | Shoals:4 | HP: 56/122 [merfolk/+0 trident (17)]
 44562 | Shoals:4 | HP: 47/122 [sea snake (14)]
 44882 | Shoals:4 | HP: 56/122 [merfolk javelineer/silver javelin (24)]
 44887 | Shoals:4 | HP: 29/122 [merfolk aquamancer/torrent of water (16)]
 44888 | Shoals:4 | HP: 14/122 [merfolk javelineer/silver javelin (5)]
 45184 | Shoals:4 | Found Ewuraaff's Jewellery Shoppe.
 45210 | Shoals:4 | HP: 57/122 [faun/sling bullet (8)]
 45214 | Shoals:4 | HP: 24/122 [faun/sling bullet (9)]
 45216 | Shoals:4 | HP: 3/122 [faun/sling bullet (11)]
 45542 | Shoals:3 | HP: 49/122 [faun/+0 spear (19)]
 45543 | Shoals:3 | HP: 24/122 [faun/+0 spear (25)]
 45543 | Shoals:3 | HP: 5/122 [merfolk javelineer/silver javelin (19)]
 45543 | Shoals:3 | Hit by a silver javelin thrown by a merfolk javelineer

Illustrated notes

Levels and vault maps discovered:
D:1:      ncdulo_wetmaze, layout_basic
D:2:      layout_rooms, chequers_ecumenical_altar_twisty, uniq_robin
D:3:      layout_rooms
D:4:      nicolae_cairo_tiling, layout_basic, minmay_fractal_squares_diagonal_5
D:5:      layout_cave_pods, grunt_temple_overflow_open, ebering_ghost_sewer_f,
          serial_shops, shop, hex_tiny, patterned_corridor
D:6:      layout_basic, nicolae_ossuary_entry_false_entrances
D:7:      layout_layer_cave, makhleb_heckhound_becter,
          mainiacjoe_overflow_chevrons, minmay_temple_entry_from_below_b,
          uniq_jeremiah, uniq_joseph
D:8:      minmay_bloctagon, layout_gridville, enter_bailey_3,
          nicolae_nh_ransacked_shop, uniq_maggie, uniq_amaemon
D:9:      layout_cave_pods, kennysheep_big_empty_room,
          chequers_serial_rivers_room_a
D:10:     layout_basic, lemuel_zombie_altar_kikubaaqudgha, david_lair_shrubbed,
          erik_orc_2
D:11:     layout_loops_corners, nicolae_shop_vocational
D:12:     layout_roguey [special_room_orc]
D:13:     nzn_winding_woodlands_stair_cross
          [nzn_winding_woodlands_5x15_sidewinder,
          nzn_winding_woodlands_center_diamonds,
          nzn_winding_woodlands_5x15_pool, nzn_winding_woodlands_5x5_perimeter,
          nzn_winding_woodlands_5x5_checkerboard,
          nzn_winding_woodlands_5x15_garden, nzn_winding_woodlands_center_lodge,
          nzn_winding_woodlands_5x15_sawtooth], layout_cave_pools,
          david_vaults_2, trove_entry_hex_spiral
D:14:     layout_roguey, infiniplex_staircase_pool_1
D:15:     grunt_enter_depths_giant_problem, layout_basic, minmay_misc_feat_rows,
          grunt_guarded_unrand_obsidian_axe
Temple:   nicolae_temple_bog_church
Lair:1:   layout_chaotic_city, gauntlet_entry_generic, lemuel_fruit_tree
Lair:2:   layout_regular_city
Lair:3:   layout_hall_layers, nicolae_shoals_entry_roost,
          spider_nest_entry_webs, serial_bayou_pond_a, grunt_megastairs_5,
          infiniplex_staircase_pool_2
Lair:4:   layout_gridlike
Lair:5:   minmay_lair_end_enchanted_forest, layout_small_grid, slime_entry_1,
          serial_bayou_shore_b, lemuel_fruit_fields, infiniplex_staircase_pool
Shoals:1: layout_shoals
Shoals:2: layout_shoals
Shoals:3: layout_shoals, nicolae_shoals_loop_pool
Shoals:4: shoals_end_grunt_garden, layout_shoals, serial_shops,
          nicolae_shop_stone, shop_fountains, nicolae_shop_mannequins,
          nicolae_shop_peninsula, nicolae_shoals_pincushion_passage
Orc:1:    layout_caves
Orc:2:    st_orc_rangers, layout_caves, regret_index_minedec_shroomtown_chain,
          nicolae_shop_clearance, uniq_saint_roka

Skill      XL: |  1  2  3  4  5  6  7  8  9 10 11 12 13 14 15 16 |
---------------+-------------------------------------------------+-----
Fighting       | 2 4 7 9 10 | 10.0
Unarmed Combat | 3 4 6 7 8 10 11 12 13 15 16 | 16.5
Armour         | 2 6 7 8 10 11 13 | 13.1
Invocations    | 2 9 13 15 18 | 18.0
Dodging        | 3 6 8 9 11 | 11.6
Shields        | 5 |  5.0
Shapeshifting  | |  2.6

Action                     |  1- 3 |  4- 6 |  7- 9 | 10-12 | 13-15 | 16-18 || total
---------------------------+-------+-------+-------+-------+-------+-------++-------
  Melee: Unarmed           |   113 |   142 |   539 |   949 |  1417 |   389 ||  3549
         Punch             |       |     3 |    39 |    74 |       |       ||   116
         Headbutt          |       |       |       |       |    33 |    96 ||   129
         Scimitar          |       |       |       |       |     5 |       ||     5
  Throw: Boomerang         |    19 |    14 |    14 |       |       |       ||    47
         Dart              |       |       |    19 |    52 |       |       ||    71
 Invoke: Minor Destruction |       |       |       |    31 |    74 |   161 ||   266
         Lesser Servant of |       |       |       |       |     9 |       ||     9
         Greater Servant o |       |       |       |       |     2 |     1 ||     3
         Major Destruction |       |       |       |       |       |     4 ||     4
Ability: Begin Untransform |       |       |     1 |       |       |       ||     1
  Evoke: Wand              |       |       |     8 |    34 |    21 |     9 ||    72
         Tin of tremorston |       |       |       |       |     4 |     1 ||     5
    Use: Potion            |     1 |     3 |     4 |     1 |     2 |     4 ||    15
         Scroll            |       |       |     1 |    20 |    14 |     6 ||    41
   Stab: Distracted        |       |       |     1 |       |     1 |     1 ||     3
         Paralysed         |       |       |     3 |    20 |     5 |     2 ||    30
         Invisible         |       |       |       |       |     2 |       ||     2
         Petrified         |       |       |       |       |    10 |       ||    10
 Armour: Animal skin       |    45 |       |       |       |       |       ||    45
         Ring mail         |    37 |    84 |    44 |       |       |       ||   165
         Skin              |    10 |       |     8 |       |       |       ||    18
         Scale mail        |       |       |   335 |   159 |   945 |   306 ||  1745
         Acid dragon scale |       |       |    32 |   414 |       |       ||   446
  Dodge: Dodged            |    82 |    63 |   258 |   409 |   798 |   210 ||  1820
  Block: Other             |       |       |       |    89 |       |       ||    89
         Buckler           |       |       |       |    90 |   624 |   182 ||   896

Table legend: (Time is in decaauts)
 A = Elapsed time spent in this place.
 B = Non-inter-level travel time spent in this place.
 C = Inter-level travel time spent in this place.
 D = Time resting spent in this place.
 E = Time spent auto-exploring this place.
 F = Levels seen in this place.
 G = Mean time per level.
                   A        B        C        D        E       F      G
               +--------+--------+--------+--------+--------+-----+--------+
         Total |  44952 |  40363 |   4589 |  10427 |  21276 |  30 | 1498.4 |
       Dungeon |  26545 |  22971 |   3574 |   5084 |  12926 |  15 | 1769.7 |
        Temple |      1 |      1 |      0 |      0 |      0 |   1 |    1.0 |
          Lair |   7361 |   6776 |    585 |   1580 |   3702 |   5 | 1472.2 |
        Shoals |   6547 |   6326 |    221 |   2331 |   3060 |   4 | 1636.8 |
  Orcish Mines |   3080 |   2874 |    206 |   1069 |   1238 |   2 | 1540.0 |
         Trove |     74 |     74 |      0 |      0 |      0 |   1 |   74.0 |
       Ossuary |    559 |    559 |      0 |     18 |    206 |   1 |  559.0 |
      Gauntlet |    782 |    782 |      0 |    345 |    144 |   1 |  782.0 |
               +--------+--------+--------+--------+--------+-----+--------+

Top non-repeatable levels by time:
     D:8: 3302 daAuts
    D:12: 2798 daAuts
Shoals:3: 2782 daAuts
    D:11: 2666 daAuts
     D:7: 2422 daAuts
    D:10: 2403 daAuts
  Lair:3: 2032 daAuts
Shoals:2: 1736 daAuts
    D:15: 1726 daAuts
   Orc:1: 1701 daAuts
     D:5: 1677 daAuts
Shoals:1: 1673 daAuts
     D:9: 1559 daAuts
    D:13: 1558 daAuts
  Lair:2: 1482 daAuts
